 Dungeon Crawl Stone Soup version 0.18.1-48-g4cf74bf (webtiles) character file.

667565 Puuhinen the Warrior (level 27, -27/227 HPs)
             Began as a Demonspawn Abyssal Knight on July 24, 2016.
             Was the Champion of Lugonu.
             Annihilated by an Orb Guardian (39 damage)
             ... on level 5 of the Realm of Zot on Aug 14, 2016.
             The game lasted 10:46:41 (89642 turns).

Puuhinen the Warrior (Demonspawn Abyssal Knight)   Turns: 89642, Time: 10:46:42

Health: -27/227    AC: 54    Str: 24    XL:     27
Magic:  0/32       EV: 30    Int: 22    God:    Lugonu [******]
Gold:   2507       SH: 20    Dex: 24    Spells: 1 memorised, 29 levels left

rFire  + + +     SeeInvis .     d - +9 demon blade (distort)
rCold  + . .     Gourm    .     T - +15 plate armour of a sewer {-Cast rPois rN+ Dex+5}
rNeg   + + .     Faith    .     r - +2 shield of Resistance {rF+ rC+ MR+}
rPois  +         Spirit   +     o - +2 helmet
rElec  .         Dismiss  .     k - +2 cloak {MR+}
rCorr  .         Reflect  +     B - +3 pair of gauntlets of War {Slay+5}
SustAt .         Harm     .     (boots unavailable)
MR     +++++     NoCast   +     e - amulet of Bangef {Reflect Str+4 Int+7 SH+3}
Stlth  +++++++...               H - ring of positive energy
                                y - ring of Urofed {rF++ MR+ AC+3}

@: agile, very slightly contaminated, almost entirely resistant to hostile
enchantments, extremely stealthy
A: talons 3, rough black scales 3, blurry vision 1, deformed body, deterioration
1, fire resistance 1, hurl damnation, nightstalker 3, magic shield, magic
regeneration, magic link, flame cloud immunity
a: Damnation, Depart the Abyss, Bend Space, Banish, Corrupt, Enter the Abyss,
Renounce Religion
}: 3/15 runes: serpentine, barnacled, slimy


You were on level 5 of the Realm of Zot.
You worshipped Lugonu.
Lugonu was exalted by your worship.
You were not hungry.

You visited 13 branches of the dungeon, and saw 61 of its levels.
You visited the Abyss 5 times.
You visited 2 bazaars.
You also visited: Trove and Volcano.

You collected 8674 gold pieces.
You spent 6167 gold pieces at shops.

Inventory:

Hand Weapons
 d - a +9 demon blade of distortion (weapon)
Missiles
 a - 2 tomahawks of returning (quivered)
Armour
 k - a +2 cloak of magic resistance (worn)
 o - a +2 helmet (worn)
 r - the +2 shield of Resistance (worn) {rF+ rC+ MR+}
   (You found it on level 3 of the Crypt)

   It protects you from fire.
   It protects you from cold.
   It affects your resistance to hostile enchantments.
 B - the +3 pair of gauntlets of War (worn) {Slay+5}
   (You found it on level 6 of the Dungeon)

   It affects your accuracy and damage with ranged weapons and melee attacks
   (+5).
 T - the +15 plate armour of a sewer (worn) {-Cast rPois rN+ Dex+5}
   (You bought it in a shop on level 2 of the Orcish Mines)

   It affects your dexterity (+5).
   It protects you from poison.
   It protects you from negative energy.
   It prevents spellcasting.
Jewellery
 e - the amulet of Bangef (around neck) {Reflect Str+4 Int+7 SH+3}
   (You found it in a treasure trove)

   [amulet of reflection]

   It shields you and reflects attacks.
   It affects your strength (+4).
   It affects your intelligence (+7).
   It affects your SH (+3).
 y - the ring of Urofed (left hand) {rF++ MR+ AC+3}
   (You took it off a frost giant on level 3 of the Depths)

   [ring of protection]

   It affects your AC (+3).
   It greatly protects you from fire.
   It affects your resistance to hostile enchantments.
 H - a ring of positive energy (right hand)
Wands
 g - a wand of digging (10/24)
 i - a wand of iceblast (7/15)
 n - a wand of polymorph (9/24)
 p - a wand of disintegration (11/24)
 s - a wand of confusion (28/48)
 t - a wand of enslavement (8/24)
 v - a wand of flame (20/48)
 I - a wand of heal wounds (3/9)
 L - a wand of teleportation (5/9)
 P - a wand of random effects (18/48)
 Q - a wand of lightning (9/15)
 V - a wand of digging (9/24)
 W - a wand of paralysis (9/24)
 Y - a wand of slowing (16/48)
Scrolls
 b - 3 scrolls of fog
 l - 31 scrolls of remove curse
 m - 7 scrolls of fear
 q - 12 scrolls of identify
 E - 20 scrolls of teleportation
 K - a scroll of enchant armour
 M - a scroll of enchant weapon
 N - 6 scrolls of blinking
 X - a scroll of silence
Potions
 h - 3 potions of flight
 j - 3 potions of cancellation
 u - 3 potions of magic
 z - 3 potions of ambrosia
 A - a potion of cure mutation
 D - a potion of invisibility
 F - a potion of curing
 G - 2 potions of brilliance
 O - a potion of berserk rage
 U - a potion of might
Miscellaneous
 w - a disc of storms
 x - a stone of tremors
 J - a phantom mirror
 S - a phial of floods
Comestibles
 c - 26 bread rations
 R - 7 meat rations


   Skills:
 + Level 20.8 Fighting
   Level 9.8(16.2) Short Blades
 + Level 20.2(20.8) Long Blades
 - Level 6.0 Throwing
 - Level 20.0 Armour
 - Level 20.2 Dodging
 * Level 16.9 Stealth
 - Level 15.0 Shields
 - Level 2.2 Spellcasting
 - Level 2.1 Transmutations
 - Level 12.6 Invocations
 - Level 10.1 Evocations


You had 29 spell levels left.
You knew the following spells:

 Your Spells              Type           Power        Failure   Level  Hunger
a - Beastly Appendage     Trmt           ##....       34%         1    #......


Dungeon Overview and Level Annotations

Branches:
Dungeon (15/15)            Temple (1/1) D:4            Lair (8/8) D:8
 Shoals (4/4) Lair:4        Snake (4/4) Lair:6        Slime (6/6) Lair:6
    Orc (2/2) D:10            Elf (3/3) Orc:2        Vaults (4/5) D:13
  Crypt (3/3) Vaults:3       Tomb (0/3) Crypt:3      Depths (5/5) D:15
   Hell (1/1)                 Dis (0/7) Hell            Geh (0/7) Hell
    Coc (0/7) Hell            Tar (0/7) Hell            Zot (5/5) Depths:5

Altars:
Ashenzari
Cheibriados
Dithmenos
Elyvilon
Fedhas
Gozag
Kikubaaqudgha
Makhleb
Nemelex Xobeh
Okawaru
Pakellas
Qazlal
Ru
Sif Muna
Trog
Vehumet
Xom
Yredelemnul
Zin
The Shining One
Jiyva

Shops:
D:9 :   D:12 }   Orc:2 (:[*   Elf:2 *   Shoals:2 ?   Shoals:3 (   Snake:3 }

Portals:
Hell: Lair:8 Depths:1 Depths:2 Depths:3 Depths:4 Depths:5
Abyss: Depths:1 Depths:5
Pandemonium: Depths:1 Depths:2 Depths:3
Ziggurat: Depths:4

Annotations:
Shoals:4 Ilsuiw
Zot:5 exclusion: 2 upstairs
Abyss:1 Agnes


Innate Abilities, Weirdness & Mutations

You have claws for feet.
You are completely covered in rough black scales (AC +10, Dex -3).
Your flesh is heat resistant.
You can hurl damnation.
You are completely attuned to the shadows.
When hurt, damage is shared between your health and your magic reserves.
You regenerate magic rapidly.
When low on magic, you restore magic in place of health.
You are immune to clouds of flame.
Scrolls take you a little longer to read.
Armour fits poorly on your strangely shaped body.
Your body sometimes deteriorates upon taking damage.


Message History

The moth of wrath completely misses you.
The Orb Guardian is no longer berserk.
You block the Orb Guardian's attack.
The Killer Klown blinks!
You block the Orb Guardian's attack.
The Orb Guardian hits you but does no damage.
The Killer Klown blinks!
The Orb Guardian hits you but does no damage.
The Orb Guardian completely misses you.
The Killer Klown blinks!
You block the red draconian's attack. You block the Orb Guardian's attack.
The Orb Guardian hits you!
* * * LOW HITPOINT WARNING * * *
The red draconian is no longer berserk.
You block the Orb Guardian's attack. A huge blade swings just past you!
The moth of wrath completely misses you.
The Orb Guardian completely misses you.
The moth of wrath goads the Orb Guardian on!
The Orb Guardian goes berserk!
The Killer Klown blinks!
There is a blade trap, spattered with blood here.
The Orb Guardian fails to trigger a blade trap.
The Orb Guardian hits you!!!
You die...

,,,,,,,,,,,,,,,,,,,,,*,,,,,,,,,,,
,,,,,,,,,,,,,,,,,,,,,**,,,,,,,,,*
,,,,,,,,,,,,,,,,,,,,,***,,,,,,,**
,,,,,,,,,,,,,,,,,,,,,* *********
,....,,,,,,,,,,,,,,,**
,....,,,,,,,,,,,,,***
,....,,,,,,,,,,****
▓....,*#▓▓▓▓▓▓▓▓▓▓▓#
.†...,,...Xd.L*X@..#**
p.........X.XX(##....** #
.............p..###..,*****######
X%p..............#**.,,,,,.......
y..L^....^^......# **,,,,,.......
.................# *,,,,,....^..
.....p...........# **,,.........
.................* *,.........^
..^.............,* **,..........


You could see an orb of fire, a Killer Klown, an ancient lich and 3 Orb
Guardians.

Vanquished Creatures
  the Royal Jelly (Slime:6)
  Dissolution (Slime:5)
  Mara (Crypt:3)
  2 ancient liches
  Mennas (Depths:5)
  Vashnia (Snake:3)
  Saint Roka (Snake:4)
  Nikola (Snake:4)
  3 caustic shrikes (Depths:3)
  4 golden dragons
  2 bone dragons
  4 electric golems
  9 tentacled monstrosities
  6 Orb Guardians (Zot:5)
  7 liches
  Asterion (Snake:3)
  2 deep elf master archers (Elf:3)
  2 deep elf blademasters (Elf:3)
  3 titans
  24 acid blobs
  3 tentacled starspawn
  8 death cobs
  The ghost of torvon the Warrior, an adept DsBe of Trog (Shoals:4)
  5 ancient champions
  A thorn hunter (Abyss:1)
  3 sphinxes (Depths:3)
  A tengu reaver (Depths:5)
  6 shadow dragons
  Kirke (Shoals:3)
  13 storm dragons
  3 draconian monks
  2 azure jellies
  10 greater nagas
  2 revenants
  7 fire giants
  5 deep elf sorcerers
  4 draconian scorchers
  A ghost moth (Zot:2)
  4 draconian knights
  Louise (D:15)
  An iron dragon (Depths:2)
  2 orc warlords
  7 frost giants
  A balrug (Hell)
  13 vault wardens
  2 ghouls
  4 draconian zealots
  5 deep elf elementalists
  3 war gargoyles (Hell)
  2 curse skulls
  A spriggan defender (Depths:3)
  4 draconian shifters
  4 draconian annihilators
  8 ironheart preservers
  35 very ugly things
  13 stone giants
  3 reapers (Hell)
  7 draconian callers
  9 vampire knights
  6 mottled draconians
  27 starcursed masses
  7 white draconians
  8 green draconians
  8 red draconians
  15 black draconians
  4 salamander stormcallers
  6 deep elf demonologists (Elf:3)
  11 yellow draconians
  6 deep elf annihilators
  3 spark wasps (Depths:5)
  A lorocyproca (Hell)
  8 purple draconians
  2 eidola
  2 dire elephants (Lair:8)
  A blizzard demon (Abyss:3)
  8 ettins
  A merfolk javelineer (Shoals:3)
  A green death (Hell)
  11 fire dragons
  13 deep elf death magi
  2 vault guards
  4 death oozes
  A quicksilver dragon zombie (Crypt:2)
  5 merfolk impalers
  11 yaktaur captains
  The ghost of nikopol the Spear-Bearer, a journeyman MiBe of Trog (D:14)
  3 deep elf high priests
  17 ogre magi
  14 naga warriors
  21 jiangshi
  16 ice dragons
  5 entropy weavers
  23 great orbs of eyes
  7 rakshasas
  3 spriggan air magi
  Erolcha (D:13)
  A quicksilver dragon skeleton (Crypt:2)
  8 hydras
  A hell beast (Lair:8)
  10 centaur warriors
  A catoblepas (Lair:3)
  5 merfolk aquamancers
  A merfolk avatar (Shoals:4)
  9 anacondas
  6 death knights
  3 death yaks
  21 dancing weapons
  5 tengu warriors
  A shock serpent (shapeshifter) (Elf:3)
  9 spriggan berserkers
  A titan zombie (Depths:1)
  2 hell hogs (Hell)
  3 orc high priests (Orc:2)
  11 deep troll earth magi
  7 thrashing horrors
  11 shock serpents
  The ghost of tyranidshit the Fighter, a novice DDNe of Makhleb (D:8)
  9 hell knights
  9 vampire magi
  6 soul eaters
  A storm dragon zombie (Crypt:2)
  18 naga sharpshooters
  14 deep elf knights
  4 sun demons
  3 fire crabs
  A titan skeleton (Crypt:2)
  An iron golem (Hell)
  An iron troll (D:13)
  50 skeletal warriors
  2 salamander mystics
  4 wretched stars
  A spatial maelstrom (Abyss:3)
  6 sea snakes
  A shadow wraith (Depths:1)
  A spark wasp zombie (D:15)
  14 deep trolls
  2 anaconda zombies (Hell)
  5 giant orange brains
  3 unseen horrors
  5 hill giants
  13 deep elf archers
  10 ironbrand convokers
  8 naga ritualists
  9 harpies
  4 flayed ghosts
  8 wizards
  A wolf spider zombie (D:13)
  8 phantasmal warriors
  A shadow dragon zombie (Abyss:3)
  A sphinx zombie (D:15)
  A harpy (shapeshifter) (Vaults:4)
  An anaconda skeleton (Crypt:2)
  A lindwurm (shapeshifter) (Depths:3)
  11 cyclopes
  An oklob plant (Lair:6)
  2 wolf spiders (Vaults:4)
  50 deep elf magi
  A hell hog zombie (Crypt:1)
  14 orc knights
  8 mana vipers
  9 griffons
  24 necromancers
  A spectral ice dragon (Crypt:3)
  3 stone giant zombies
  A wolf spider (shapeshifter) (Depths:3)
  71 ugly things
  19 salamanders
  3 fauns (Shoals:3)
  A cyclops (shapeshifter) (Elf:2)
  2 fire giant zombies
  A frost giant zombie (Crypt:2)
  A sixfirhy (Abyss:3)
  5 shining eyes
  24 moths of wrath
  10 elephants
  2 worldbinders
  2 centaur zombies (D:15)
  31 black mambas
  A guardian serpent (shapeshifter) (Vaults:1)
  A hell hog skeleton (Crypt:2)
  3 smoke demons
  6 orc sorcerers (Orc:2)
  2 apocalypse crabs
  9 guardian serpents
  9 manticores
  11 sirens
  8 vault sentinels
  5 eyes of devastation
  5 rust devils
  2 frost giant skeletons (Depths:1)
  4 orange demons
  An octopode (shapeshifter) (D:13)
  A fire giant skeleton (Crypt:2)
  10 naga magi
  Joseph (D:7)
  An elephant (shapeshifter) (Depths:3)
  3 water nymphs
  4 gargoyles
  A molten gargoyle (Volcano)
  A hellion (Hell)
  2 torpor snails
  A spiny frog (shapeshifter) (Vaults:2)
  2 rime drakes (shapeshifter) (Vaults:3)
  A komodo dragon (shapeshifter) (Depths:2)
  46 yaktaurs
  7 komodo dragons
  A redback zombie (Crypt:1)
  A dire elephant skeleton (Abyss:3)
  12 ice devils
  A demonic crawler (Abyss:3)
  An alligator snapping turtle skeleton (Crypt:2)
  13 freezing wraiths
  A spectral tengu (Depths:1)
  13 spiny frogs
  3 rime drakes
  5 efreet
  An ancient zyme (Abyss:5)
  3 guardian mummies
  5 hellwings
  A merfolk (shapeshifter) (Depths:3)
  An anaconda simulacrum (Hell)
  A yaktaur skeleton (Depths:1)
  3 red devils
  2 kobold demonologists (D:14)
  The ghost of atgrul the Geomancer, a novice GrEE of Vehumet (D:6)
  A harpy zombie (Crypt:2)
  An entropy weaver zombie (Depths:1)
  A golden dragon simulacrum (Crypt:2)
  3 tengu conjurers
  A jumping spider (Depths:2)
  2 trolls
  A hydra zombie (Hell)
  A polar bear (Lair:5)
  5 wind drakes
  16 merfolk
  33 two-headed ogres
  126 slime creatures
  26 blink frogs
  2 ettin zombies
  3 boulder beetles
  4 raiju (Abyss:2)
  A bog body (Crypt:3)
  A hydra skeleton (Hell)
  5 snapping turtles
  A tengu simulacrum (Vaults:3)
  A spriggan zombie (Depths:1)
  A human simulacrum (Vaults:2)
  An alligator zombie (Hell)
  A spriggan skeleton (Depths:1)
  A blink frog (shapeshifter) (Vaults:4)
  A stone giant simulacrum (Crypt:2)
  A centaur simulacrum (D:14)
  15 water elementals
  5 air elementals
  15 large abominations
  46 flying skulls (Crypt:3)
  2 ettin skeletons (Crypt:2)
  10 wraiths
  2 ice dragon skeletons
  4 ynoxinuls
  14 spriggans
  4 shadows
  2 redbacks
  A spriggan (shapeshifter) (Depths:2)
  A fire dragon skeleton (Crypt:2)
  2 vampires
  3 wyverns
  3 hogs (Shoals:3)
  5 golden eyes
  2 yaks (shapeshifter)
  10 fire elementals
  A hog (shapeshifter) (D:15)
  4 neqoxecs
  A steam dragon (D:9)
  9 hippogriffs
  A hippogriff (shapeshifter) (D:13)
  3 hungry ghosts
  60 yaks
  5 basilisks
  4 chaos spawn
  A fire bat (shapeshifter) (Depths:3)
  A warg (shapeshifter) (Depths:1)
  22 vampire mosquitoes
  5 wargs
  A deep troll zombie (Crypt:2)
  A merfolk zombie (Crypt:2)
  A mottled dragon (D:14)
  A spatial vortex (Abyss:3)
  63 nagas
  6 insubstantial wisps
  11 hell hounds
  A soldier ant (shapeshifter) (Vaults:4)
  A swamp drake (D:10)
  22 water moccasins
  11 porcupines
  Duvessa (D:6)
  2 spiny frog zombies
  2 hydra simulacra (Hell)
  10 sky beasts
  An ice beast (shapeshifter) (Depths:1)
  A spiny frog skeleton (Abyss:3)
  3 eyes of draining (shapeshifter)
  10 eyes of draining
  13 wasps
  A swamp dragon zombie (Crypt:1)
  7 necrophages
  A black bear (shapeshifter) (Vaults:3)
  3 ice beasts
  60 orc warriors
  69 ogres
  2 wolves
  4 black bears
  2 ice dragon simulacra
  14 small abominations
  8 boggarts
  13 centaurs
  15 crocodiles
  A crocodile (shapeshifter) (Abyss:2)
  3 big kobolds
  27 giant frogs
  A giant frog (shapeshifter) (Vaults:3)
  A gnoll sergeant (D:4)
  2 wyvern zombies (D:14)
  Dowan (D:6)
  4 earth elementals
  A wyvern skeleton (D:14)
  31 killer bees
  10 wights
  7 electric eels
  10 howler monkeys
  6 lava snakes
  5 crimson imps
  2 giant frog zombies
  12 hounds
  3 human zombies (Crypt:1)
  38 jellies
  26 orc wizards
  5 gnoll shamans
  25 orc priests
  10 centaur skeletons
  5 giant frog skeletons
  2 iguanas
  Natasha (D:3)
  2 human skeletons (Crypt:1)
  11 worker ants
  3 lightning spires (Depths:1)
  4 hell rats (Hell)
  A demigod skeleton (Crypt:1)
  A dwarf skeleton (Crypt:1)
  A tengu skeleton (Crypt:1)
  A hound skeleton (D:9)
  4 mummies (Crypt:1)
  A worker ant zombie (D:6)
  26 gnolls
  12 adders
  A hell rat skeleton (Crypt:2)
  A naga simulacrum (Crypt:2)
  42 river rats
  3 shadow imps
  3 white imps
  2 ufetubi
  2 oozes (Lair:6)
  An adder skeleton (D:9)
  A sheep skeleton (Crypt:1)
  4 worms
  2 ball lightnings (Depths:1)
  3 dart slugs
  4 giant geckos
  96 orcs
  4 ball pythons
  3 giant cockroaches
  8 goblins
  7 hobgoblins
  26 jackals
  3 quokkas
  13 sheep
  6 bats
  3 giant gecko skeletons
  5 giant newts
  13 kobolds
  2 quokka skeletons
  4 rats
  A bush (Lair:6)
  3 crawling corpses (Depths:1)
  A plant (Shoals:1)
  A starspawn tentacle (Abyss:2)
  A withered plant (D:15)
2862 creatures vanquished.

Vanquished Creatures (collateral kills)
  An acid blob (Slime:6)
  An azure jelly (Slime:6)
  A death ooze (Slime:6)
  4 dancing weapons (Elf:2)
  A salamander mystic (Snake:4)
  A black mamba (Snake:4)
  An orange demon (Lair:8)
  A naga (Snake:4)
  A hell rat (Hell)
12 creatures vanquished.

Vanquished Creatures (others)
  2 juggernauts
  A curse toe (Zot:4)
  2 bone dragons
  2 tentacled monstrosities (Zot:4)
  A sphinx (Depths:3)
  A storm dragon (Zot:4)
  A shadow dragon (Depths:5)
  A tengu reaver (Depths:4)
  An orc warlord (Orc:2)
  2 draconian zealots
  2 ghouls
  A stone giant (Depths:2)
  A draconian annihilator (Depths:5)
  A black draconian (Zot:4)
  2 very ugly things (Zot:4)
  4 green draconians
  3 vampire knights
  A white draconian (Zot:1)
  5 yellow draconians
  3 red draconians
  2 mottled draconians
  A purple draconian (Zot:2)
  2 ettins
  A deep elf death mage (Crypt:3)
  A death ooze (Slime:4)
  2 fire dragons
  A green death (Zot:4)
  7 jiangshi
  A yaktaur captain (Depths:4)
  2 great orbs of eyes
  A deep elf high priest (Elf:3)
  4 ice dragons
  A hell beast (Depths:2)
  A naga warrior (Snake:2)
  An ogre mage (Depths:2)
  A spectral frost giant (Crypt:3)
  A deep troll shaman (Depths:5)
  A hell hog (Hell)
  7 vampire magi
  A hell knight (Crypt:3)
  2 storm dragon zombies (Crypt:2)
  7 skeletal warriors
  A deep troll (Depths:4)
  A necromancer (Depths:3)
  A deep elf mage (Elf:2)
  An orc sorcerer (Orc:2)
  2 ugly things
  A moth of wrath (Zot:3)
  2 sirens (Shoals:4)
  A gargoyle (D:10)
  A hellion (Hell)
  5 yaktaurs
  3 freezing wraiths (Crypt:3)
  An ice devil (Hell)
  A tormentor (Abyss:5)
  An anaconda simulacrum (Hell)
  A tengu conjurer (Depths:3)
  A merfolk (Lair:4)
  A fire dragon zombie (Crypt:2)
  7 slime creatures
  A flying skull (Crypt:3)
  3 water elementals (Depths:4)
  A tarantella (Depths:4)
  3 humans (Shoals:3)
  A warg (D:10)
  An eye of draining (Slime:3)
  An ogre (Orc:2)
  A boggart (Vaults:2)
  A wasp (Depths:4)
  An orc priest (D:10)
  A hell rat (Hell)
  A lightning spire (Depths:1)
  2 ball lightnings (Depths:1)
  An orc (Orc:2)
  2 briar patches (Abyss:1)
  A bush (Lair:6)
  A fire vortex (Vaults:4)
  16 fungi
  8 lost souls
  47 plants
  12 starspawn tentacles
  263 starspawn tentacle segments
486 creatures vanquished.

Grand Total: 3360 creatures vanquished

Notes
Turn   | Place    | Note
--------------------------------------------------------------
     0 | Abyss:1  | Puuhinen the Demonspawn Abyssal Knight began the quest for the Orb.
     0 | Abyss:1  | Reached XP level 1. HP: 18/18 MP: 2/2
     0 | D:1      | Escaped the Abyss
    74 | D:1      | Reached skill level 1 in Dodging
   506 | D:1      | Gained mutation: You are partially covered in rough black scales (AC +4, Dex -1). [demonic ancestry]
   506 | D:1      | Reached XP level 2. HP: 21/24 MP: 3/3
   930 | D:1      | Reached * piety under Lugonu
  1185 | D:2      | Found a faded altar to an unknown god.
  1221 | D:2      | Gained mutation: When hurt, damage is shared between your health and your magic reserves. [demonic ancestry]
  1221 | D:2      | Reached XP level 3. HP: 29/29 MP: 4/4
  2412 | D:2      | Reached XP level 4. HP: 36/36 MP: 5/5
  2502 | D:2      | Reached skill level 1 in Stealth
  2667 | D:2      | Found a shimmering altar of Xom.
  2745 | D:3      | Found a shadowy altar of Dithmenos.
  2794 | D:3      | Found a white marble altar of Elyvilon.
  2831 | D:3      | Found a burning altar of Makhleb.
  2970 | D:3      | Reached XP level 5. HP: 39/42 MP: 6/6
  3277 | D:3      | Found a sparkling altar of Nemelex Xobeh.
  3277 | D:3      | Found a snail-covered altar of Cheibriados.
  3437 | D:4      | Found an iron altar of Okawaru.
  3898 | D:4      | Noticed an ogre
  3961 | D:4      | Noticed an ogre
  3969 | D:4      | Killed an ogre
  3969 | D:4      | Gained mutation: You regenerate magic rapidly. [demonic ancestry]
  3969 | D:4      | Reached XP level 6. HP: 48/48 MP: 5/7
  4046 | D:4      | Identified the Handbook of the Forest
  4551 | D:4      | Found a staircase to the Ecumenical Temple.
  4595 | D:4      | Reached ** piety under Lugonu
  4839 | D:4      | Gained mutation: You are mostly covered in rough black scales (AC +7, Dex -2). [demonic ancestry]
  4839 | D:4      | Reached XP level 7. HP: 47/54 MP: 8/8
  5096 | D:4      | Noticed Natasha
  5567 | D:3      | Killed Natasha
  5804 | D:3      | Reached *** piety under Lugonu
  6138 | Temple   | Entered the Ecumenical Temple
  6954 | D:5      | Entered Level 5 of the Dungeon
  7025 | D:5      | Gained mutation: You are completely covered in rough black scales (AC +10, Dex -3). [demonic ancestry]
  7025 | D:5      | Reached XP level 8. HP: 57/61 MP: 9/11
  7074 | D:5      | Found a snail-covered altar of Cheibriados.
  7395 | D:5      | Reached skill level 5 in Fighting
  7576 | D:5      | Reached skill level 1 in Throwing
  7805 | D:6      | Noticed atgrul's ghost (novice GrEE)
  7989 | D:6      | Reached **** piety under Lugonu
  8019 | D:6      | Found an ancient bone altar of Kikubaaqudgha.
  8141 | D:6      | Killed atgrul's ghost
  8141 | D:6      | Reached skill level 5 in Armour
  8141 | D:6      | Reached skill level 5 in Invocations
  8151 | D:6      | Noticed Dowan
  8152 | D:6      | Noticed Duvessa
  8159 | D:6      | Killed Duvessa
  8159 | D:6      | Reached skill level 5 in Long Blades
  8177 | D:6      | Killed Dowan
  8539 | D:7      | Reached XP level 9. HP: 68/68 MP: 13/13
  8915 | D:7      | Noticed Joseph
  8930 | D:7      | Killed Joseph
  9140 | D:8      | Found a staircase to the Lair.
  9252 | D:8      | Reached skill level 5 in Dodging
  9276 | D:8      | Reached skill level 1 in Short Blades
  9508 | D:8      | Found a blossoming altar of Fedhas.
  9577 | D:8      | Noticed tyranidshit's ghost (novice DDNe)
  9610 | D:8      | Killed tyranidshit's ghost
  9610 | D:8      | Reached XP level 10. HP: 52/76 MP: 14/16
 10182 | D:9      | Found Tubrulo's Book Emporium.
 10309 | D:9      | Reached ***** piety under Lugonu
 10809 | D:10     | Entered Level 10 of the Dungeon
 10925 | D:10     | Noticed a gargoyle
 10926 | D:10     | Banished a gargoyle
 11288 | D:10     | Found a staircase to the Orcish Mines.
 11326 | D:10     | Gained mutation: You have sharp toenails. [demonic ancestry]
 11326 | D:10     | Reached XP level 11. HP: 81/84 MP: 16/18
 11535 | D:10     | Noticed a hill giant
 11565 | D:10     | Killed a hill giant
 11565 | D:10     | Reached skill level 5 in Short Blades
 12249 | D:11     | Noticed a hill giant
 12265 | D:11     | Killed a hill giant
 12428 | D:11     | Reached skill level 1 in Evocations
 12652 | D:11     | Found a frozen archway.
 12667 | D:11     | Noticed a green ugly thing
 12668 | D:11     | Banished a green ugly thing
 12812 | D:10     | Reached ****** piety under Lugonu
 12993 | Lair:1   | Entered Level 1 of the Lair of Beasts
 13349 | Lair:1   | Found a labyrinth entrance.
 13841 | Lair:2   | Reached XP level 12. HP: 93/94 MP: 17/19
 14526 | Lair:3   | Noticed a catoblepas
 14545 | Lair:3   | Killed a catoblepas
 14745 | Lair:3   | Noticed a four-headed hydra
 14755 | Lair:3   | Killed a four-headed hydra
 15173 | Lair:4   | Found a staircase to the Shoals.
 15188 | Lair:4   | Reached skill level 10 in Invocations
 15753 | Lair:4   | Learned a level 1 spell: Beastly Appendage
 16100 | Lair:5   | Reached skill level 1 in Spellcasting
 16120 | Lair:5   | Reached skill level 1 in Transmutations
 16257 | Lair:5   | Gained mutation: You have razor-sharp toenails. [demonic ancestry]
 16257 | Lair:5   | Reached XP level 13. HP: 102/102 MP: 17/20
 16354 | Lair:5   | Got a warped scale mail
 16365 | Lair:5   | Identified the +1 scale mail of the Forest {-Tele rC+ Dex+6} (You found it on level 5 of the Lair of Beasts)
 16875 | Lair:5   | Reached skill level 10 in Fighting
 17441 | Lair:6   | Found a staircase to the Snake Pit.
 17501 | Lair:6   | Reached skill level 10 in Armour
 17834 | Lair:6   | Found a runed door.
 17834 | Lair:6   | Found a viscous altar of Jiyva.
 17843 | Lair:6   | Found a staircase to the Slime Pits.
 18258 | Lair:7   | Reached skill level 1 in Shields
 19105 | Lair:8   | Entered Level 8 of the Lair of Beasts
 19144 | Lair:8   | Noticed a dire elephant
 19303 | Lair:8   | Found a dark tunnel.
 19318 | Volcano  | Entered a volcano
 19694 | Lair:8   | Noticed a dire elephant
 19709 | Lair:8   | Killed a dire elephant
 19720 | Lair:8   | Killed a dire elephant
 19720 | Lair:8   | Gained mutation: You have claws for feet. [demonic ancestry]
 19720 | Lair:8   | Reached XP level 14. HP: 85/111 MP: 18/21
 20465 | Lair:8   | Found a burning altar of Makhleb.
 20504 | Lair:8   | Reached skill level 10 in Dodging
 20656 | Lair:8   | Found a gateway to Hell.
 21291 | Orc:1    | Entered Level 1 of the Orcish Mines
 21676 | Orc:2    | Entered Level 2 of the Orcish Mines
 22071 | Orc:2    | Noticed an orc warlord
 22246 | Orc:1    | Killed an orc warlord
 22646 | Orc:2    | Found a staircase to the Elven Halls.
 23170 | Orc:2    | Noticed an orc warlord
 23353 | Orc:2    | Banished an orc warlord
 23563 | Orc:2    | Noticed an orc warlord
 23607 | Orc:2    | Killed an orc warlord
 23614 | Orc:2    | Reached skill level 5 in Throwing
 23982 | Orc:2    | Found Fekecats's Antique Armour Boutique.
 23983 | Orc:2    | Found Sokhuh's Antique Weapon Shop.
 23998 | Orc:2    | Found Oxoxzeof's General Store.
 23998 | Orc:2    | Found Jirphoz's Book Boutique.
 24004 | Orc:2    | Bought a blackened chain mail for 294 gold pieces
 24014 | Orc:2    | Identified the +8 chain mail of the Countless Nights {Regen+ Str+3} (You bought it in a shop on level 2 of the Orcish Mines)
 24026 | Orc:2    | Bought a potion of heal wounds for 60 gold pieces
 24457 | Snake:1  | Entered Level 1 of the Snake Pit
 24537 | Snake:1  | Reached XP level 15. HP: 53/120 MP: 18/23
 24706 | Snake:1  | Identified a +0 rod of clouds (13/13) (You found it on level 1 of the Snake Pit)
 25063 | Snake:1  | Got a pitted long sword
 25064 | Snake:1  | Identified the +6 long sword of Grandeur {flame, Dex+4} (You found it on level 1 of the Snake Pit)
 27321 | Snake:2  | Reached skill level 10 in Long Blades
 27667 | Snake:3  | Found Fenosust's Gadget Shop.
 27700 | Snake:3  | Found a flickering gateway to a bazaar.
 27765 | Bazaar   | Entered a bazaar
 27779 | Bazaar   | Found Qeyd Iqa's Armour Shoppe.
 27779 | Bazaar   | Found Resypiw's Jewellery Emporium.
 27783 | Bazaar   | Bought the +6 plate armour of Integrity {rC++ Str-2 SInv} for 1085 gold pieces
 27873 | Bazaar   | Bought a +3 ring of strength for 172 gold pieces
 27873 | Bazaar   | Bought the cursed ring of Epesow {rElec rF+ rN+ EV-5 Str-2} for 192 gold pieces
 27955 | Snake:3  | Bought a wand of paralysis (7/24) for 126 gold pieces
 28301 | Snake:3  | Noticed Agnes
 28312 | Snake:3  | Banished Agnes
 28368 | Snake:3  | Noticed Vashnia
 29093 | D:12     | Found Tegh's Gadget Boutique.
 29101 | D:12     | Bought a wand of acid (8/15) for 384 gold pieces
 30265 | D:13     | Noticed Erolcha
 30275 | D:13     | Killed Erolcha
 30299 | D:13     | Gained mutation: Your flesh is heat resistant. [demonic ancestry]
 30299 | D:13     | Reached XP level 16. HP: 108/129 MP: 24/24
 30834 | D:13     | Found a gate to the Vaults.
 31410 | D:14     | Noticed nikopol's ghost (journeyman MiBe)
 31444 | D:14     | Killed nikopol's ghost
 31690 | D:14     | Found a portal to a secret trove of treasure.
 32217 | D:14     | Found a blossoming altar of Fedhas.
 33965 | D:15     | Entered Level 15 of the Dungeon
 33965 | D:15     | Noticed Louise
 34104 | D:15     | Killed Louise
 34428 | D:15     | Found a staircase to the Depths.
 35191 | Snake:3  | Noticed Asterion
 35215 | Snake:3  | Killed Asterion
 35264 | Snake:3  | Reached XP level 17. HP: 121/137 MP: 24/26
 35499 | Snake:3  | Killed Vashnia
 35740 | Snake:4  | Entered Level 4 of the Snake Pit
 35751 | Snake:4  | Noticed Saint Roka
 35778 | Snake:4  | Noticed Nikola
 35930 | Snake:4  | Identified a scroll of acquirement
 36189 | Snake:4  | Killed Saint Roka
 36303 | Snake:4  | Killed Nikola
 39093 | Snake:4  | Got a serpentine rune of Zot
 39388 | Lair:6   | Reached XP level 18. HP: 126/145 MP: 22/27
 39669 | Vaults:1 | Entered Level 1 of the Vaults
 39974 | Vaults:1 | Reached skill level 15 in Long Blades
 41743 | Vaults:2 | Gained mutation: You passively map a small area around you. [potion of beneficial mutation]
 42219 | Vaults:2 | Cast into level 3 of the Abyss (an ogre mage)
 42220 | Vaults:2 | Escaped the Abyss
 42630 | Vaults:2 | Gained mutation: You are slightly more attuned to the shadows. [demonic ancestry]
 42630 | Vaults:2 | Reached XP level 19. HP: 134/153 MP: 26/28
 44648 | Vaults:3 | Found a staircase to the Crypt.
 45829 | Vaults:4 | Reached XP level 20. HP: 131/160 MP: 25/29
 45849 | Vaults:4 | Reached skill level 15 in Armour
 46616 | Orc:2    | Bought a shimmering plate armour for 868 gold pieces
 46626 | Orc:2    | Identified the +15 plate armour of a sewer {-Cast rPois rN+ Dex+5} (You bought it in a shop on level 2 of the Orcish Mines)
 46888 | Shoals:1 | Entered Level 1 of the Shoals
 46921 | Shoals:1 | Found a flickering gateway to a bazaar.
 46935 | Bazaar   | Entered a bazaar
 46944 | Bazaar   | Found Kamonack's Distillery.
 46951 | Bazaar   | Bought a potion of heal wounds for 40 gold pieces
 46951 | Bazaar   | Bought a potion of heal wounds for 40 gold pieces
 46951 | Bazaar   | Bought a potion of haste for 80 gold pieces
 46953 | Bazaar   | Found Cuxeuck's Assorted Antiques.
 46977 | Bazaar   | Found Equsyz's General Store.
 46984 | Bazaar   | Found Umideph's General Store.
 46992 | Bazaar   | Found Itteimih's Armour Emporium.
 47037 | Bazaar   | Bought a scroll of identify for 48 gold pieces
 47037 | Bazaar   | Bought a potion of heal wounds for 120 gold pieces
 47324 | Shoals:2 | Found Zyadear's Magic Scroll Boutique.
 47739 | Shoals:3 | Found Kiwakhlalyt's Antique Weapon Shop.
 48010 | Shoals:3 | Noticed Kirke
 48016 | Shoals:3 | Killed Kirke
 48288 | Shoals:4 | Entered Level 4 of the Shoals
 48411 | Shoals:4 | Noticed torvon's ghost (adept DsBe)
 48424 | Shoals:4 | Noticed Ilsuiw
 48431 | Shoals:4 | Killed torvon's ghost
 49115 | Shoals:4 | Got a barnacled rune of Zot
 49510 | Depths:1 | Entered Level 1 of the Depths
 50064 | Depths:1 | Found a one-way gate to the infinite horrors of the Abyss.
 50110 | Depths:1 | Voluntarily entered the Abyss.
 50458 | Abyss:1  | Noticed a bone dragon
 50484 | Abyss:1  | Killed a bone dragon
 50612 | Abyss:1  | Reached XP level 21. HP: 153/166 MP: 28/30
 51827 | Abyss:4  | Reached skill level 15 in Fighting
 51850 | Abyss:5  | Entered Level 5 of the Abyss
 52195 | Abyss:5  | Paralysed by a great orb of eyes for 3 turns
 52202 | Abyss:5  | Paralysed by accursed screaming for 1 turns
 52209 | Abyss:5  | Paralysed by accursed screaming for 1 turns
 52230 | Abyss:5  | Gained mutation: You are frail (-10% HP). [a shining eye]
 52245 | Abyss:5  | Gained mutation: You are weak. (Str -2) [a shining eye]
 52271 | Abyss:5  | Paralysed by a giant eyeball for 3 turns
 52279 | Depths:1 | Escaped the Abyss
 52527 | Depths:1 | Found a one-way gate leading to the halls of Pandemonium.
 52922 | Depths:1 | Identified the Handbook of Necromancy
 53374 | Elf:1    | Entered Level 1 of the Elven Halls
 53602 | Elf:1    | Got a slimy halberd
 53603 | Elf:1    | Identified the +4 halberd of Classification {freeze, rPois} (You found it on level 1 of the Elven Halls)
 53647 | Elf:1    | Got a steaming battleaxe
 53648 | Elf:1    | Identified the +4 battleaxe of Alir {flame, Int+3} (You found it on level 1 of the Elven Halls)
 54373 | Elf:2    | Found Oschihuel's General Store.
 54380 | Elf:2    | Bought the amulet "Kiolysko" {Regen+ Dex+3} for 736 gold pieces
 54532 | Elf:2    | Found a runed gate.
 54532 | Elf:2    | Found a runed gate.
 54533 | Elf:2    | Found a runed gate.
 55161 | Elf:2    | Gained mutation: You are significantly more attuned to the shadows. [demonic ancestry]
 55161 | Elf:2    | Reached XP level 22. HP: 74/159 MP: 23/31
 55591 | Elf:3    | Entered Level 3 of the Elven Halls
 55681 | Elf:3    | Found a radiant altar of Vehumet.
 57122 | Elf:3    | Cast into level 2 of the Abyss (a deep elf demonologist)
 57245 | Elf:3    | Escaped the Abyss
 57455 | Elf:3    | Got a twitching bronze ring
 57457 | Elf:3    | Identified the ring "Muenka" {Wiz rElec} (You took it off a deep elf high priest on level 3 of the Elven Halls)
 57954 | Shoals:2 | Bought a scroll of teleportation for 60 gold pieces
 57954 | Shoals:2 | Bought a scroll of enchant weapon for 150 gold pieces
 57954 | Shoals:2 | Bought a scroll of recharging for 190 gold pieces
 57954 | Shoals:2 | Bought a scroll of teleportation for 60 gold pieces
 58057 | Lair:1   | Lost mutation: You are frail (-10% HP). [potion of cure mutation]
 58057 | Lair:1   | Lost mutation: You passively map a small area around you. [potion of cure mutation]
 58057 | Lair:1   | Lost mutation: You are weak. (Str -2) [potion of cure mutation]
 58068 | Lair:1   | Identified a +7 demon blade of distortion (a +5 demon blade of slicing corrupted by Lugonu)
 58068 | Lair:1   | Received a gift from Lugonu
 58337 | Crypt:1  | Entered Level 1 of the Crypt
 59279 | Crypt:2  | Reached skill level 5 in Stealth
 59750 | Crypt:2  | Got a crude turquoise ring
 59752 | Crypt:2  | Identified the ring "Ucojaps" {rCorr Str+2} (You took it off a vampire knight on level 2 of the Crypt)
 60208 | Crypt:3  | Entered Level 3 of the Crypt
 60253 | Crypt:3  | Noticed Mara
 60431 | Crypt:3  | Gained mutation: You are completely attuned to the shadows. [demonic ancestry]
 60431 | Crypt:3  | Reached XP level 23. HP: 179/186 MP: 29/32
 60511 | Crypt:3  | Found a basalt altar of Yredelemnul.
 61155 | Crypt:3  | Reached skill level 15 in Dodging
 61155 | Crypt:3  | Reached skill level 5 in Shields
 61244 | Crypt:3  | Noticed Puuhinen's illusion
 61252 | Crypt:3  | Found a staircase to the Tomb.
 61475 | Crypt:3  | Noticed Puuhinen's illusion
 61668 | Crypt:3  | Noticed Puuhinen's illusion
 61685 | Crypt:3  | Killed Mara
 62445 | Depths:1 | Found a runed door.
 63300 | Depths:2 | Found a runed door.
 64086 | D:9      | Bought Nutaxam's Papyrus of Unstable Moulding for 1462 gold pieces
 64646 | D:14     | You paid a toll of Nutaxam's Papyrus of Unstable Moulding to enter a treasure trove
 64647 | Trove    | Entered a treasure trove
 64665 | Trove    | Got a warped copper amulet
 64679 | Trove    | Got a pair of smoking gloves
 64690 | Trove    | Identified the +0 pair of gloves "Siral" {rElec MR- Int+6} (You found it in a treasure trove)
 64724 | Trove    | Identified the amulet of Bangef {Reflect Str+4 Int+7 SH+3} (You found it in a treasure trove)
 65758 | Depths:3 | Paralysed by the power of Zot for 3 turns
 65900 | Depths:3 | Noticed a caustic shrike
 65930 | Depths:3 | Killed a caustic shrike
 66107 | Depths:2 | Gained mutation: You are immune to clouds of flame. [demonic ancestry]
 66107 | Depths:2 | Reached XP level 24. HP: 153/197 MP: 32/32
 66314 | Depths:3 | Reached skill level 10 in Shields
 66822 | Depths:3 | Got a bound ivory ring
 66865 | Depths:3 | Noticed a juggernaut
 66877 | Depths:3 | Banished a juggernaut
 67216 | Depths:3 | Identified the ring of Urofed {rF++ MR+ AC+3} (You took it off a frost giant on level 3 of the Depths)
 68560 | Depths:4 | Found Leciyrie's Magic Scroll Shoppe.
 68767 | Depths:4 | Found a gateway to a ziggurat.
 69234 | Depths:5 | Entered Level 5 of the Depths
 69297 | Depths:5 | Noticed a juggernaut
 69312 | Depths:4 | Banished a juggernaut
 69643 | Depths:5 | Gained mutation: When low on magic, you restore magic in place of health. [demonic ancestry]
 69643 | Depths:5 | Reached XP level 25. HP: 206/206 MP: 32/32
 69716 | Depths:5 | Found a gate to the Realm of Zot.
 69885 | Depths:5 | Noticed Mennas
 70095 | Depths:5 | Killed Mennas
 71086 | Hell     | Entered the Vestibule of Hell
 71086 | Hell     | Noticed Geryon
 71559 | Slime:1  | Entered Level 1 of the Pits of Slime
 73473 | Slime:4  | Gained mutation: Your body sometimes deteriorates upon taking damage. [a shining eye]
 73479 | Slime:4  | Gained mutation: Your spells are a little easier to cast, but a little less powerful. [a shining eye]
 73484 | Slime:4  | Lost mutation: Your body sometimes deteriorates upon taking damage. [a shining eye]
 73486 | Slime:4  | Gained mutation: You occasionally shout uncontrollably at your foes. [a shining eye]
 73642 | Slime:3  | Gained mutation: Scrolls take you a little longer to read. [a shining eye]
 73940 | Slime:5  | Reached skill level 15 in Shields
 74699 | Slime:6  | Entered Level 6 of the Pits of Slime
 75251 | Slime:5  | Noticed Dissolution
 75384 | Slime:5  | Gained mutation: You have a pair of small horns on your head. [a shining eye]
 75389 | Slime:5  | Killed Dissolution
 75790 | Slime:6  | Noticed the Royal Jelly
 75797 | Slime:6  | Found a viscous altar of Jiyva.
 75805 | Slime:6  | Killed the Royal Jelly
 76287 | Slime:6  | Reached skill level 5 in Evocations
 76303 | Slime:6  | Gained mutation: Armour fits poorly on your strangely shaped body. [a shining eye]
 76775 | Slime:5  | Reached XP level 26. HP: 167/213 MP: 27/32
 77372 | Slime:6  | Got an iridescent falchion
 77382 | Slime:6  | Lost mutation: Armour fits poorly on your strangely shaped body. [potion of cure mutation]
 77382 | Slime:6  | Lost mutation: Scrolls take you a little longer to read. [potion of cure mutation]
 77426 | Slime:6  | Got a slimy rune of Zot
 77456 | Slime:6  | Identified the +9 falchion of Ascent {pain, rF+ MR++ Str+4} (You found it on level 6 of the Pits of Slime)
 77474 | Slime:6  | Got a flickering lead ring
 77476 | Slime:6  | Identified the ring "Zufexita" {rF+ Str+6} (You found it on level 6 of the Pits of Slime)
 77726 | Lair:1   | Lost mutation: You have a pair of small horns on your head. [potion of cure mutation]
 77726 | Lair:1   | Lost mutation: You occasionally shout uncontrollably at your foes. [potion of cure mutation]
 77726 | Lair:1   | Lost mutation: Your spells are a little easier to cast, but a little less powerful. [potion of cure mutation]
 77975 | Hell     | Reached skill level 10 in Stealth
 78339 | Hell     | Found a gateway to the Iron City of Dis.
 78807 | Hell     | Found a gateway to the freezing wastes of Cocytus.
 79117 | Hell     | Banished Geryon
 79136 | Hell     | Found a gateway to the ashen valley of Gehenna.
 79255 | Hell     | Found a gateway to the decaying netherworld of Tartarus.
 80228 | Zot:1    | Entered Level 1 of the Realm of Zot
 81252 | Zot:1    | Escaped the Abyss
 83718 | Zot:2    | Gained mutation: You can hurl damnation. [demonic ancestry]
 83718 | Zot:2    | Reached XP level 27. HP: 214/220 MP: 31/32
 83753 | Zot:2    | Reached skill level 15 in Stealth
 84860 | Zot:2    | Reached skill level 10 in Evocations
 88998 | Zot:5    | Entered Level 5 of the Realm of Zot
 89152 | Zot:5    | Noticed an ancient lich
 89175 | Zot:4    | Killed an ancient lich
 89350 | Zot:5    | Noticed an ancient lich
 89444 | Zot:5    | Noticed an ancient lich
 89446 | Zot:5    | Banished an ancient lich
 89548 | Zot:5    | Noticed an ancient lich
 89560 | Zot:5    | Killed an ancient lich
 89564 | Zot:5    | Noticed an orb of fire
 89580 | Zot:5    | Gained mutation: Your body sometimes deteriorates upon taking damage. [an orb of fire]
 89584 | Zot:5    | Noticed an orb of fire
 89594 | Zot:5    | Gained mutation: Armour fits poorly on your strangely shaped body. [an orb of fire]
 89601 | Zot:5    | Noticed an orb of fire
 89605 | Zot:5    | Gained mutation: Scrolls take you a little longer to read. [an orb of fire]
 89627 | Zot:5    | Noticed an ancient lich
 89629 | Zot:5    | Noticed an orb of fire
 89642 | Zot:5    | Annihilated by an Orb Guardian

Skill      XL: |  1  2  3  4  5  6  7  8  9 10 11 12 13 14 15 16 17 18 19 20 21 22 23 24 25 26 27 |
---------------+----------------------------------------------------------------------------------+-----
Dodging        | 1 2 3 4 5 7 8 9 10 11 12 13 14 15 16 18 20 | 20.2
Long Blades    | 2 3 4 5 8 10 13 14 16 18 20 | 20.2
Armour         | 2 3 4 5 6 7 9 10 11 12 13 14 16 17 18 20 | 20.0
Stealth        | 1 2 3 7 8 9 14 16 | 16.9
Fighting       | 4 5 6 7 8 9 10 11 12 13 14 15 16 17 18 20 | 20.8
Invocations    | 4 6 8 9 10 11 12 | 12.6
Throwing       | 1 3 4 5 6 |  6.0
Short Blades   | 2 4 6 8 9 |  9.8
Evocations     | 1 2 3 4 5 9 10 | 10.1
Spellcasting   | 1 2 |  2.2
Transmutations | 1 2 |  2.1
Shields        | 3 4 9 13 15 | 15.0

Action                   |  1- 3 |  4- 6 |  7- 9 | 10-12 | 13-15 | 16-18 | 19-21 | 22-24 | 25-27 || total
-------------------------+-------+-------+-------+-------+-------+-------+-------+-------+-------++-------
Melee: Falchion          |   157 |   186 |   534 |       |       |       |       |       |       ||   877
       Rapier            |       |       |   171 |   980 |   848 |       |       |       |       ||  1999
       Kick              |       |       |       |   209 |   625 |   592 |   789 |  1243 |  1421 ||  4879
       Great sword       |       |       |       |       |   490 |  1136 |  2062 |   161 |   212 ||  4061
       Long sword        |       |       |       |       |   488 |   514 |       |       |       ||  1002
       Demon blade       |       |       |       |       |       |       |       |  2377 |  2519 ||  4896
       Headbutt          |       |       |       |       |       |       |       |       |    52 ||    52
Throw: Tomahawk          |       |    10 |    45 |    37 |    98 |   118 |    37 |    69 |     7 ||   421
       Throwing net      |       |       |     4 |     5 |       |       |       |       |     2 ||    11
       Javelin           |       |       |       |       |       |       |       |       |    43 ||    43
Invok: Depart the Abyss  |     1 |       |       |       |       |     1 |     1 |     1 |     1 ||     5
       Bend Space        |       |       |    12 |     3 |    21 |    14 |     5 |     8 |    13 ||    76
       Banish            |       |       |       |     3 |     7 |     7 |     3 |     1 |     2 ||    23
       Brand Weapon With |       |       |       |       |       |       |       |     1 |       ||     1
       Enter the Abyss   |       |       |       |       |       |       |       |       |     1 ||     1
Evoke: Wand              |       |     2 |     1 |    10 |    39 |    28 |    13 |    12 |    30 ||   135
       Disc of storms    |       |       |       |       |       |       |     2 |       |     2 ||     4
       Sack of spiders   |       |       |       |       |       |       |     2 |       |       ||     2
       Phantom mirror    |       |       |       |       |       |       |       |       |     1 ||     1
       Phial of floods   |       |       |       |       |       |       |       |       |     2 ||     2
  Use: Potion            |     3 |     5 |     2 |     2 |    19 |    19 |    28 |     8 |    11 ||    97
       Scroll            |     6 |     6 |    10 |    14 |    20 |    12 |    25 |    12 |    14 ||   119
 Stab: Sleeping          |     1 |       |       |     1 |     2 |       |       |     5 |    19 ||    28
       Held in net/web   |       |       |     1 |       |       |       |     1 |       |       ||     2
       Distracted        |       |       |       |       |     1 |       |       |     6 |    13 ||    20
       Confused          |       |       |       |       |     1 |       |       |       |     3 ||     4
       Paralysed         |       |       |       |       |     4 |       |       |       |       ||     4
       Invisible         |       |       |       |       |       |       |       |       |     7 ||     7
  Eat: Chunk             |     2 |     6 |     8 |    15 |    35 |    20 |    14 |    12 |    13 ||   125
       Fruit             |     3 |       |       |     3 |     6 |       |     3 |    13 |     9 ||    37
       Pizza             |       |     2 |     1 |     1 |     2 |     1 |     3 |     1 |     3 ||    14
       Meat ration       |       |       |     2 |       |     5 |     1 |     5 |     4 |     7 ||    24
       Beef jerky        |       |       |     5 |       |     6 |     8 |     3 |     2 |     4 ||    28
       Royal jelly       |       |       |       |     2 |     1 |       |       |     1 |     1 ||     5
Armor: Leather armour    |    67 |     6 |       |       |       |       |       |       |       ||    73
       Scale mail        |       |    34 |       |       |     4 |       |       |       |       ||    38
       Skin              |       |     1 |       |    29 |       |       |       |       |       ||    30
       Chain mail        |       |    65 |   510 |   202 |   770 |  1006 |   333 |       |       ||  2886
       Ring mail         |       |       |       |   280 |   205 |       |       |       |       ||   485
       Plate armour      |       |       |       |       |   166 |       |  1008 |  1284 |  1057 ||  3515
Dodge: Dodged            |   110 |   105 |   281 |   526 |  1099 |   747 |  1184 |  1143 |  1199 ||  6394
Block: Buckler           |       |       |       |       |   160 |    86 |       |   373 |       ||   619
       Reflection        |       |       |       |       |       |       |       |    45 |    30 ||    75
       Shield            |       |       |       |       |       |       |       |   924 |  1765 ||  2689
       Other             |       |       |       |       |       |       |       |       |    14 ||    14
